cohdb
Replays
Latest Replays
All Replays
Popular Replays
Top Player Replays
Match Explorer
How It Works
Community
CoH3 Stats
Reddit
Sign in to upload your games and track your stats! →
Sign in with Steam
Match 43638036
Unlisted
Match 43638036
Overview
Messages
Build Orders
End
Selects Airborne Battlegroup
Selects Heavy Machine Gun Paradrop
Heavy Machine Gun Paradrop
Construct Barracks
Engineer Squad
1⁄4-ton 4x4 Truck
Heavy Machine Gun Paradrop
Infantry Support Center
Construct Weapon Support Center
Selects Paratrooper Squad Paradrop
Paratrooper Squad Paradrop
Bazooka Squad
Bazooka Squad
Advanced Logistics
Paratrooper Squad Paradrop
Construct Medical Station
Selects Recon Loiter
Construct Tank Depot
Recon Loiter
Bazooka Squad
AI Takeover
Hatchie
ElDiegoDosSantos
hallo.bram52
pig
CC丶风菜菜
Axxploit
大清第一猞猁狲
Liviu
0
0
Comments
sign in to comment!
No comments posted yet!